Map: [ESL] Cosmic Sapphire

Players

goblin - Winner!

  • Race: Protoss Protoss
  • Spawn Location: 11:00

NightPhoenix

  • Race: Protoss Protoss
  • Spawn Location: 5:00

Event: DreamHack SC2 Masters 2022 Atlanta (Online)

VOD

Have the link to the VOD?

Description

Time

  • Played on: Oct. 7, 2022, 11:59 a.m.
  • Length: 11:38

All games in this series

Show
View Real Time Build Order
Export as new Build Order

goblin Protoss - Winner!

Build Orders:  

Get SALT Encoding   

  12  0:00  Probe  
  13  0:12  Probe  
  14  0:17  Pylon  
  14  0:24  Probe (Chrono Boost)  
  15  0:36  Gateway, Probe (Chrono Boost)  
  16  0:44  Probe (Chrono Boost)  
  16  0:45  Assimilator  
  17  0:50  Probe  
  17  0:54  Assimilator  
  18  1:03  Probe (Chrono Boost)  
  19  1:08  Gateway  
  19  1:13  Probe (Chrono Boost)  
  19  1:18  Probe (Chrono Boost)  
  20  1:23  Cybernetics Core  
  21  1:29  Probe  
  22  1:34  Pylon  
  22  1:41  Probe  
  23  1:53  Probe  
  24  2:00  Stalker x2  
  24  2:01  Warp Gate  
  28  2:12  Robotics Facility  
  28  2:18  Pylon  
  28  2:32  Stalker  
  28  2:36  Stalker  
  32  2:57  Immortal (Chrono Boost)  
  32  3:02  Shield Battery  
  35  3:17  Pylon  
  35  3:25  Warp Prism (Chrono Boost)  
  37  3:31  Probe  
  38  3:51  Stalker  
  38  3:52  Stalker  
  42  4:00  Observer, Pylon  
  41  4:19  Stalker x2  
  43  4:26  Probe  
  40  4:42  Immortal (Chrono Boost)  
  36  4:54  Stalker x2  
  38  5:05  Probe  
  39  5:10  Observer  
  38  5:20  Immortal (Chrono Boost)  
  41  5:28  Adept  
  41  5:29  Stalker  
  43  5:52  Warp Prism (Chrono Boost)  
  43  5:54  Observer  
  43  5:57  Sentry x2  
  49  6:25  Immortal (Chrono Boost)  
  53  6:45  Nexus  
  53  6:48  Sentry  
  55  7:00  Pylon  
  55  7:12  Pylon  
  55  7:18  Probe  
  56  7:30  Probe  
  56  7:34  Stalker  
  56  7:35  Stalker  
  61  7:42  Shield Battery, Probe  
  62  7:56  Cybernetics Core  
  62  7:58  Pylon  
  63  8:05  Probe  
  63  8:07  Immortal  
  63  8:10  Probe  
  63  8:12  Shield Battery  
  68  8:21  Sentry  
  68  8:22  Stalker  
  68  8:26  Probe  
  73  8:32  Probe (Chrono Boost)  
  73  8:36  Shield Battery  
  73  8:41  Probe (Chrono Boost)  
  73  8:44  Probe (Chrono Boost)  
  73  8:53  Probe (Chrono Boost)  
  73  8:54  Observer, Probe (Chrono Boost)  
  75  8:58  Probe  
  76  9:06  Stargate  
  76  9:13  Shield Battery  
  76  9:14  Shield Battery  
  76  9:21  Adept x2  
  76  9:22  Probe  
  76  9:23  Probe  
  82  9:44  Pylon  
  82  9:46  Pylon  
  82  10:07  Phoenix (Chrono Boost)  
  82  10:09  Zealot  
  82  10:10  Zealot, Stargate  
  82  10:12  Assimilator  
  82  10:13  Pylon  
  88  10:21  Shield Battery  
  88  10:26  Phoenix (Chrono Boost)  
  90  10:34  Probe x2  
  92  10:37  Twilight Council  
  92  10:42  Phoenix (Chrono Boost)  
  93  10:56  Phoenix (Chrono Boost)  
  82  11:05  Phoenix (Chrono Boost)  
  82  11:10  Zealot  
  82  11:11  Zealot  
  88  11:13  Probe x2  
  88  11:17  Phoenix (Chrono Boost)  
Show
View Real Time Build Order
Export as new Build Order

NightPhoenix Protoss 

Build Orders: Oracle Opening, Phoenix Opening 

Get SALT Encoding   

  12  0:00  Probe  
  13  0:12  Probe  
  14  0:16  Pylon  
  14  0:24  Probe (Chrono Boost)  
  16  0:36  Gateway, Probe (Chrono Boost)  
  16  0:43  Probe (Chrono Boost)  
  16  0:46  Assimilator  
  17  0:51  Probe  
  17  0:54  Assimilator  
  18  1:03  Probe (Chrono Boost)  
  19  1:08  Gateway  
  19  1:12  Probe (Chrono Boost)  
  19  1:17  Probe (Chrono Boost)  
  20  1:24  Cybernetics Core  
  21  1:29  Probe  
  22  1:35  Pylon  
  22  1:41  Probe  
  23  1:53  Probe  
  24  2:01  Stalker  
  24  2:02  Warp Gate, Stalker  
  24  2:05  Probe  
  29  2:12  Pylon  
  29  2:21  Stargate  
  29  2:35  Stalker  
  31  2:39  Stalker  
  33  3:02  Nexus  
  33  3:09  Oracle (Chrono Boost)  
  35  3:16  Probe  
  36  3:24  Gateway  
  36  3:25  Pylon  
  34  3:37  Shield Battery  
  34  3:39  Phoenix, Pylon  
  36  3:50  Stalker x2  
  40  3:59  Pylon  
  40  4:05  Phoenix  
  42  4:14  Stalker  
  44  4:21  Stalker  
  46  4:31  Stalker  
  38  4:46  Stalker  
  38  4:52  Stalker  
  38  4:59  Stalker  
  38  5:10  Stalker  
  40  5:20  Stalker  
  39  5:23  Zealot  
  41  5:28  Gateway  
  41  5:34  Stalker  
  43  5:49  Stalker x2  
  43  5:57  Stalker  
  45  6:04  Shield Battery  
  43  6:13  Stalker x2  
  47  6:21  Adept  
  47  6:22  Adept  
  51  6:25  Pylon  
  51  6:36  Adept  
  53  6:42  Adept  
  53  6:44  Adept  
  53  6:46  Pylon  
  57  7:01  Adept, Robotics Facility  
  57  7:05  Adept  
  61  7:15  Adept  
  63  7:23  Adept  
  63  7:26  Adept  
  65  7:39  Adept  
  65  7:43  Pylon  
  61  7:56  Robotics Bay  
  59  8:02  Adept  
  57  8:07  Adept  
  59  8:17  Adept  
  61  8:40  Disruptor (Chrono Boost)  
  61  8:45  Adept  
  61  8:46  Adept  
  62  9:07  Disruptor (Chrono Boost)  
  65  9:26  Adept x2  
  67  9:46  Disruptor (Chrono Boost)  
  66  10:18  Nexus  
  64  10:29  Disruptor  
  54  11:02  Stalker x2  
  54  11:11  Probe (Chrono Boost)  
  55  11:22  Probe (Chrono Boost)  
  56  11:26  Probe (Chrono Boost)  
Tags
 
Add a new tag
Caveats
  • Supply blocks, unpowered buildings, or Contaminate may cause inaccurate times.
  • Supply counts are checked every 10 seconds.